 Dungeon Crawl Stone Soup version 0.20-a0-556-g892c87b (webtiles) character file.

1007 HallandMoats the Skirmisher (level 8, -1/56 (57) HPs)
             Began as an Octopode Fighter on Feb 7, 2017.
             Killed from afar by an orc wizard (9 damage)
             ... with a magic dart
             ... on level 5 of the Dungeon.
             The game lasted 00:05:37 (5023 turns).

HallandMoats the Skirmisher (Octopode Fighter)      Turns: 5023, Time: 00:05:37

HP:   -1/56 (57)    AC:  1    Str: 15    XL:     8   Next: 20%
MP:   8/8           EV: 14    Int: 10    God:
Gold: 197           SH:  9    Dex: 14    Spells: 7/7 levels left

rFire    . . .     SeeInvis .     - Unarmed
rCold    . . .     Gourm    .   a - +0 shield
rNeg     . . .     Faith    .   (helmet restricted)
rPois    .         Spirit   .   (no amulet)
rElec    .         Reflect  .   (no ring)
rCorr    .         Harm     .   (no ring)
MR       .....                  (no ring)
Stlth    ++........             (no ring)
Regen    0.2/turn               (no ring)
                                (no ring)
                                (no ring)
                                (no ring)

@: no status effects
A: almost no armour, stealthy swim, amphibious, 8 rings, constrict 8, camouflage
1, gelatinous body 1
a: no special abilities


You were on level 5 of the Dungeon.
You were not hungry.

You visited 1 branch of the dungeon, and saw 5 of its levels.

You collected 197 gold pieces.

Inventory:

Armour
 a - a +0 shield (worn)
Jewellery
 b - an uncursed amulet of guardian spirit {unknown}
 r - a cursed -3 ring of protection {unknown}
Wands
 n - a wand of flame (23/48)
 p - a wand of polymorph (8/24)
Scrolls
 e - a scroll of blinking {unknown}
 f - 5 scrolls of identify {unknown}
 h - a scroll of teleportation {unknown}
 l - a scroll of amnesia {unknown}
 m - 2 scrolls of remove curse {unknown}
Potions
 g - a potion of resistance {unknown}
 k - a potion of magic {unknown}
 o - a potion of cure mutation {unknown}
 q - a potion of haste {unknown}
Comestibles
 c - 2 bread rations
 d - 2 meat rations
 j - a royal jelly


   Skills:
 * Level 5.9 Fighting
 + Level 5.0 Dodging
 + Level 4.5 Shields
 * Level 5.8 Unarmed Combat


You had 7 spell levels left.
You didn't know any spells.

Dungeon Overview and Level Annotations

Branches:
Dungeon (5/15)
 Temple: D:4-7

Altars:
Dithmenos
Qazlal


Innate Abilities, Weirdness & Mutations

You cannot wear most types of armour.
You are very stealthy in the water. (Stealth+)
You are amphibious.
You can wear up to eight rings at the same time.
You can use your tentacles to constrict eight enemies at once.
Your skin changes colour to match your surroundings (Stealth+).
Your rubbery body absorbs attacks. (AC +1, EV +1)


Message History

a dagger; a robe You bump into the rock wall.
Something hits you. Something hits you.
* * * LOW HITPOINT WARNING * * *
You hear some strange, mumbled words.
Something tries to affect you, but you resist.
You feel less confused. Something hits you.
* * * LOW HITPOINT WARNING * * *
You hear some strange, mumbled words.
Something tries to affect you, but you resist.
You block something's attack.
You closely miss something. Something hits you.
* * * LOW HITPOINT WARNING * * *
You tentacle-slap something but do no damage.
You squeeze something!
You hear some strange, mumbled words.
A magic dart appears from out of thin air!
The magic dart hits you!
You die...

### #.. #.##### #.#...
###.#.### .?.....
#####.#.###.#
#....%......#
#.###.#@###.# #.# #.#{#
.######.# #.#.###.###.
........###..)........
.#.###.#.########.#######
. #<##..# .....
....###.#.#.# ##.§§##
.........##.# ##§§§§§##
....####.##.# ##§.§§§§.##
#


There were no monsters in sight!

Vanquished Creatures
  Menkaure (D:5)
  A necrophage (D:5)
  A centaur (D:5)
  An ogre (D:4)
  A scorpion (D:4)
  7 orc wizards
  Natasha (thrice) (D:4)
  3 worker ants
  3 gnolls
  6 adders
  An ooze (D:4)
  An adder skeleton (D:4)
  A worm (D:4)
  5 dart slugs
  4 leopard geckos
  22 orcs
  5 bats
  5 giant cockroaches
  11 goblins
  6 hobgoblins
  2 jackals (D:2)
  4 kobolds
  2 quokkas (D:4)
  A frilled lizard (D:2)
  A quokka skeleton (D:4)
  8 rats
106 creatures vanquished.

Vanquished Creatures (others)
  An orc wizard (D:5)
1 creature vanquished.

Grand Total: 107 creatures vanquished

Notes
Turn   | Place    | Note
-------+----------+-------------------------------------------
     0 | D:1      | HallandMoats the Octopode Fighter began the quest for the Orb.
     0 | D:1      | Reached XP level 1. HP: 16/16 MP: 1/1
   137 | D:1      | Reached XP level 2. HP: 21/21 MP: 2/2
   456 | D:1      | Reached XP level 3. HP: 15/26 MP: 3/3
  1165 | D:2      | Found a stormy altar of Qazlal.
  1726 | D:3      | Reached XP level 4. HP: 22/31 MP: 4/4
  2243 | D:3      | Reached XP level 5. HP: 37/37 MP: 5/5
  2512 | D:3      | Reached XP level 6. HP: 23/43 MP: 6/6
  2861 | D:4      | Noticed Natasha
  2867 | D:4      | Killed Natasha
  3413 | D:4      | Noticed Natasha
  3418 | D:4      | Killed Natasha
  3418 | D:4      | Reached XP level 7. HP: 11/49 MP: 7/7
  3668 | D:4      | Reached skill level 5 in Unarmed Combat
  3788 | D:4      | Reached skill level 5 in Fighting
  3808 | D:4      | Noticed Natasha
  3822 | D:4      | Killed Natasha
  4295 | D:5      | Entered Level 5 of the Dungeon
  4464 | D:5      | Found a shadowy altar of Dithmenos.
  4467 | D:5      | Noticed Menkaure
  4477 | D:5      | Killed Menkaure
  4477 | D:5      | Reached XP level 8. HP: 54/57 MP: 8/8
  5001 | D:5      | Reached skill level 5 in Dodging
  5023 | D:5      | Killed from afar by an orc wizard

Vault maps used:
D:1:      minmay_arrival_jagged, roderic_serpentine_path,
          minmay_misc_feat_encased
D:2:      nicolae_overflow_hidden_temple
D:3:      first_bread
D:4:      uniq_natasha
D:5:      elyvilon_altar_3, nicolae_dithmenos_the_darkroom, uniq_menkaure

Skill      XL: |  1  2  3  4  5  6  7  8 |
---------------+-------------------------+-----
Unarmed Combat | 3 4 5 |  5.8
Fighting       | 4 5 |  5.9
Dodging        | 4 5 |  5.0
Shields        | 4 |  4.5

Action                   |  1- 3 |  4- 6 |  7- 9 || total
-------------------------+-------+-------+-------++-------
Melee: Unarmed           |    82 |   121 |    76 ||   279
       Constrict         |    30 |    34 |    16 ||    80
       Tentacles         |    14 |    23 |    12 ||    49
       Punch             |     3 |     7 |     1 ||    11
  Use: Potion            |       |       |     1 ||     1
 Stab: Sleeping          |     6 |     1 |     3 ||    10
  Eat: Chunk             |     3 |     5 |     1 ||     9
       Fruit             |       |       |     3 ||     3
       Royal jelly       |       |       |     1 ||     1
Armor: Skin              |     7 |     2 |     2 ||    11
Dodge: Dodged            |    42 |    48 |    33 ||   123
Block: Shield            |    43 |    42 |    21 ||   106
